 Dungeon Crawl Stone Soup version 0.24-a0-809-g71cb82dfb8 (webtiles) character file.

Game seed: 7297849820016158525, levelgen mode: deterministic

13248 HumanIsDead the Spear-Bearer (level 12, -10/89 HPs)
             Began as a Human Skald on Oct 11, 2019.
             Was a Priest of Nemelex Xobeh.
             Mangled by a black mamba (13 damage)
             ... on level 2 of the Lair of Beasts.
             The game lasted 00:55:48 (17934 turns).

HumanIsDead the Spear-Bearer (Human Skald)         Turns: 17934, Time: 00:55:49

Health: -10/89     AC: 14    Str: 15    XL:     12   Next: 30%
Magic:  19/19      EV: 13    Int: 19    God:    Nemelex Xobeh [***...]
Gold:   576        SH:  0    Dex: 12    Spells: 6/15 levels left

rFire    . . .     SeeInvis .   B - +1 trident
rCold    + . .     Gourm    .   (no shield)
rNeg     . . .     Faith    .   u - +3 leather armour {rC+}
rPois    .         Spirit   .   s - +2 helmet
rElec    .         Reflect  .   I - +1 cloak {+Inv}
rCorr    .         Harm     .   g - +0 pair of gloves
MR       .....                  (no boots)
Stlth    +.........             (no amulet)
HPRegen  0.24/turn              A - +2 ring of protection
MPRegen  0.16/turn              T - +3 ring of strength

@: lethally poisoned (-10 -> -10)
A: no striking features
a: Draw Escape, Draw Destruction, Draw Summoning, Triple Draw, Renounce
Religion, Evoke Invisibility


You were on level 2 of the Lair of Beasts.
You worshipped Nemelex Xobeh.
Nemelex Xobeh was most pleased with you.
You were hungry.

You visited 3 branches of the dungeon, and saw 13 of its levels.

You collected 786 gold pieces.
You spent 210 gold pieces at shops.

Inventory:

Hand Weapons
 b - a +1 scimitar of flaming
 v - a +0 hunting sling
 B - a +1 trident (weapon)
Missiles
 l - 60 poisoned darts (quivered)
 w - 377 stones
 C - 4 curare-tipped darts
Armour
 g - a +0 pair of gloves (worn)
 s - a +2 helmet (worn)
 u - a +3 leather armour of cold resistance (worn)
 I - a +1 cloak of invisibility (worn)
Jewellery
 f - an uncursed amulet of faith
 A - a +2 ring of protection (left hand)
 D - an uncursed ring of flight
 G - an uncursed amulet of regeneration {unknown}
 T - a +3 ring of strength (right hand)
Wands
 a - a wand of paralysis (14)
 t - a wand of iceblast (13)
 O - a wand of acid (9)
 P - a wand of digging (6)
Scrolls
 k - 3 scrolls of enchant weapon
 o - 2 scrolls of fog
 p - 4 scrolls of remove curse
 q - 7 scrolls of teleportation
 r - a scroll of magic mapping {unknown}
 x - a scroll of blinking {unknown}
 E - a scroll of amnesia {unknown}
 H - a scroll of silence {unknown}
 J - a scroll of vulnerability {unknown}
 L - a scroll of enchant armour {unknown}
 M - a scroll of immolation {unknown}
 R - a scroll of torment {unknown}
 S - a scroll of noise {unknown}
Potions
 c - a potion of invisibility
 e - 3 potions of haste
 h - 5 potions of curing
 i - 2 potions of agility
 m - 5 potions of flight
 n - 2 potions of brilliance
 z - 5 potions of lignification
 F - a potion of ambrosia
 K - 3 potions of heal wounds
 Q - a potion of might
Comestibles
 d - 9 rations


   Skills:
 + Level 6.4 Fighting
 - Level 14.0 Polearms
 - Level 1.0 Armour
 + Level 4.3 Dodging
 - Level 2.0 Spellcasting
 + Level 3.9 Charms
 + Level 2.2 Ice Magic
 - Level 9.6 Invocations
 - Level 3.0 Evocations


You had 6 spell levels left.
You knew the following spells:

 Your Spells              Type           Power        Failure   Level  Hunger
a - Infusion              Chrm           ###.         4%          1    #......
b - Song of Slaying       Chrm           ###.....     6%          2    ###....
c - Ozocubu's Armour      Chrm/Ice       ##......     17%         3    ###....
d - Spectral Weapon       Hex/Chrm       #.......     28%         3    ###....

Your spell library contained the following spells:

 Spells                   Type           Power        Failure   Level  Hunger
 Freeze                   Ice            ##..         9%          1    #......
 Shroud of Golubria       Chrm/Tloc      #.....       14%         2    ###....
 Apportation              Tloc           #.....       21%         1    #......
 Sandblast                Erth           #.....       21%         1    #......
 Summon Butterflies       Summ           #.......     21%         1    #......
 Throw Frost              Conj/Ice       #.....       21%         2    ###....
 Regeneration             Chrm/Necr      #.........   28%         3    ###....
 Passwall                 Tmut/Erth      #.......     30%         2    ###....
 Lesser Beckoning         Tloc           #.........   52%         3    ###....
 Stone Arrow              Conj/Erth      #.....       52%         3    ###....
 Tukima's Dance           Hex            #.......     52%         3    ###....
 Summon Ice Beast         Ice/Summ       #.......     78%         4    #####..
 Throw Icicle             Conj/Ice       #.......     78%         4    #####..
 Cause Fear               Hex            #.........   90%         4    #####..
 Petrify                  Tmut/Erth      #.......     90%         4    #####..
 Alistair's Intoxication  Tmut/Pois      #.......     99%         5    ######.
 Lee's Rapid Deconstruct  Erth           #.........   99%         5    ######.
 Silence                  Hex/Air        #.........   99%         5    ######.
 Yara's Violent Unravell  Hex/Tmut       #.........   99%         5    ######.
 Deflect Missiles         Chrm/Air       #.........   100%        6    #######
 Invisibility             Hex            #.......     100%        6    #######
 Discord                  Hex            #.........   100%        8    #######


Dungeon Overview and Level Annotations

Branches:
Dungeon (10/15)            Temple (1/1) D:6            Lair (2/6) D:9
  Swamp: Lair:2-4    Shoals: Lair:2-4     Snake: Lair:2-4    Spider: Lair:2-4
    Orc: D:9-12

Altars:
Ashenzari
Cheibriados
Dithmenos
Elyvilon
Fedhas
Gozag
Hepliaklqana
Kikubaaqudgha
Makhleb
Nemelex Xobeh
Okawaru
Qazlal
Ru
Sif Muna
Trog
Uskayaw
Vehumet
Wu Jian
Xom
Yredelemnul
Zin
The Shining One

Shops:
D:5 (   D:6 %   D:7 [

Annotations:
D:4 1 runed translucent door, Crazy Yiuf
Lair:1 1 runed translucent door, drclinical's ghost, journeyman DsGl


Message History

* * * LOW HITPOINT WARNING * * *
You draw a card...
You have drawn the Tomb.
Walls emerge from the floor!
You feel sick. The black mamba bites you!
* * * LOW HITPOINT WARNING * * *
The black mamba closely misses you.
The walls disappear prematurely!
You feel sick.
The black mamba bites you but does no damage.
You draw a card...
You have drawn Exile.
The plant is devoured by a tear in reality.
The black mamba misses you. The black mamba barely misses you.
You draw a card...
You have drawn the Elixir.
You begin rapidly regenerating magic.
You feel sick. The black mamba barely misses you.
The black mamba closely misses you. The black mamba closely misses you.
The black mamba closely misses you.
You feel sick. The black mamba misses you.
You feel sick. The black mamba bites you!
You die...
Your body glows slightly and disappears.

#... ##..##............#
...# P.............###.#
..## ##......##....####.#
P.# #.P....)#....# #..#
..## ##§..#..####.## ##.#
P..###§>......# #.# #..##
)..P##P...#>.####.# ###.P#
...## #........PP.###P...#
....###.#......S@.......##
.............###..#.P#.##
#.......##..###...######
.###..P^##......P.#
....).............#
######.#.....##..##
#.......###### ...##P###.#
..## ### ##


You could see a black mamba.

Vanquished Creatures
  A fire dragon (Lair:1)
  Erica (D:9)
  A two-headed ogre (D:10)
  A cyclops (D:10)
  A black mamba (Lair:2)
  3 spiny frogs (Lair:2)
  2 komodo dragons (Lair:1)
  2 trolls
  Prince Ribbit (Lair:1)
  A blink frog (Lair:2)
  3 hippogriffs
  6 yaks (Lair:1)
  A vampire (D:9)
  A wyvern (D:9)
  A hungry ghost (D:6)
  4 water moccasins
  2 porcupines
  6 orc warriors
  2 sky beasts
  6 ice beasts
  A phantom (D:10)
  A black bear (D:7)
  3 ogres
  2 necrophages
  4 centaurs
  A wolf (D:6)
  A crocodile (Lair:1)
  8 bullfrogs
  A wyvern skeleton (D:10)
  4 scorpions
  A water moccasin skeleton (D:8)
  A killer bee (D:7)
  A wight (D:7)
  5 howler monkeys
  4 crimson imps
  2 bullfrog skeletons
  A bullfrog zombie (D:5)
  4 centaur zombies
  A quasit (D:9)
  7 hounds
  3 jellies
  5 orc priests
  Jessica (D:2)
  2 iguanas (D:9)
  10 orc wizards
  Natasha (thrice) (D:2)
  13 worker ants
  2 hound skeletons
  A hound zombie (D:8)
  A worker ant zombie (D:8)
  2 howler monkey zombies
  Robin (D:2)
  2 howler monkey skeletons (D:5)
  8 adders
  7 gnolls
  An adder skeleton (D:7)
  An adder zombie (D:8)
  2 worms
  2 dart slugs
  3 leopard geckos
  26 orcs
  A ball python (D:4)
  9 bats
  2 giant cockroaches
  15 goblins
  6 hobgoblins
  5 quokkas
  5 frilled lizards
  A jackal skeleton (D:4)
  4 kobolds
  2 leopard gecko skeletons
  6 rats
  A spectral orc (D:7)
252 creatures vanquished.

Vanquished Creatures (collateral kills)
  2 two-headed ogres (D:10)
  A cyclops (D:10)
  A blink frog (Lair:1)
  An orc warrior (D:10)
  An eye of draining (D:10)
  A scorpion (D:10)
  2 orcs (D:10)
9 creatures vanquished.

Vanquished Creatures (others)
  A jelly (D:5)
  An orc priest (D:7)
  4 jackals (D:5)
  6 fungi (Lair:2)
  2 plants (Lair:2)
14 creatures vanquished.

Grand Total: 275 creatures vanquished

Notes
Turn   | Place    | Note
-------+----------+-------------------------------------------
     0 | D:1      | HumanIsDead the Human Skald began the quest for the Orb.
     0 | D:1      | Reached XP level 1. HP: 16/16 MP: 3/3
   234 | D:1      | Reached XP level 2. HP: 21/22 MP: 0/5
   401 | D:1      | Reached skill level 3 in Polearms
   945 | D:1      | Learned a level 2 spell: Song of Slaying
  1044 | D:2      | Noticed Jessica
  1202 | D:2      | Killed Jessica
  1202 | D:2      | Reached XP level 3. HP: 27/27 MP: 2/6
  1259 | D:2      | Found a faded altar of an unknown god.
  1293 | D:2      | Reached skill level 4 in Polearms
  1293 | D:2      | Reached XP level 4. HP: 19/33 MP: 3/7
  1629 | D:2      | Noticed Robin
  1696 | D:2      | Killed Robin
  2154 | D:2      | Noticed Natasha
  2167 | D:2      | Killed Natasha
  2167 | D:2      | Reached XP level 5. HP: 11/39 MP: 2/8
  2584 | D:2      | Noticed Natasha
  2605 | D:2      | Killed Natasha
  2721 | D:2      | Noticed Natasha
  2732 | D:2      | Killed Natasha
  3048 | D:3      | Found a sparkling altar of Nemelex Xobeh.
  3052 | D:3      | Reached skill level 5 in Polearms
  3269 | D:3      | Found a glowing golden altar of the Shining One.
  3275 | D:3      | Reached XP level 6. HP: 47/47 MP: 9/9
  4594 | D:4      | Found a runed translucent door.
  4595 | D:4      | Noticed Crazy Yiuf
  4626 | D:4      | Reached XP level 7. HP: 54/54 MP: 5/10
  5142 | D:4      | Reached skill level 6 in Polearms
  5348 | D:4      | Reached skill level 5 in Fighting
  5621 | D:5      | Entered Level 5 of the Dungeon
  5646 | D:5      | Found a snail-covered altar of Cheibriados.
  5949 | D:5      | Reached XP level 8. HP: 62/62 MP: 0/11
  6180 | D:5      | Reached skill level 7 in Polearms
  6180 | D:5      | Reached skill level 1 in Evocations
  6245 | D:5      | Found Gog Gius's Weapon Shop.
  6245 | D:5      | Found a radiant altar of Vehumet.
  7099 | D:6      | Reached skill level 8 in Polearms
  7346 | D:6      | Found a staircase to the Ecumenical Temple.
  7355 | Temple   | Entered the Ecumenical Temple
  7671 | D:3      | Became a worshipper of Nemelex Xobeh the Trickster
  7887 | D:6      | Received a gift from Nemelex Xobeh
  7908 | D:6      | Reached XP level 9. HP: 64/68 MP: 7/12
  7996 | D:6      | Reached skill level 9 in Polearms
  7996 | D:6      | Reached skill level 1 in Invocations
  8093 | D:6      | Noticed Dowan
  8093 | D:6      | Noticed Duvessa
  8094 | D:6      | Noticed Duvessa
  8094 | D:6      | Duvessa changed into Duvessa the worker ant
  8094 | D:6      | Noticed Dowan
  8094 | D:6      | Dowan changed into Dowan the worker ant
  8099 | D:6      | Killed Duvessa the worker ant
  8103 | D:6      | Killed Dowan the worker ant
  8455 | D:6      | Found Jailuv Jauck's Food Shoppe.
  8457 | D:6      | Received a gift from Nemelex Xobeh
  8755 | D:6      | Reached * piety under Nemelex Xobeh
  9092 | D:7      | Found a basalt altar of Yredelemnul.
  9309 | D:7      | Reached skill level 10 in Polearms
 10063 | D:7      | Received a gift from Nemelex Xobeh
 10161 | D:7      | Reached XP level 10. HP: 62/74 MP: 8/13
 10167 | D:7      | Reached skill level 5 in Invocations
 10187 | D:7      | Found Tygh's Antique Armour Shop.
 10202 | D:7      | Bought an embroidered cloak for 210 gold pieces
 10226 | D:7      | Reached skill level 11 in Polearms
 11551 | D:8      | Reached ** piety under Nemelex Xobeh
 11877 | D:9      | Reached skill level 12 in Polearms
 12282 | D:9      | Found a staircase to the Lair.
 12288 | D:9      | Noticed Erica
 12297 | D:9      | Killed Erica
 12417 | D:9      | Found a hide-covered altar of Uskayaw.
 12576 | D:9      | Received a gift from Nemelex Xobeh
 12586 | D:9      | Found a shattered altar of Ashenzari.
 12661 | D:9      | Reached XP level 11. HP: 36/79 MP: 12/16
 13673 | D:10     | Entered Level 10 of the Dungeon
 14016 | D:10     | Reached skill level 13 in Polearms
 14111 | D:10     | Noticed a two-headed ogre
 14120 | D:10     | Killed a two-headed ogre
 14406 | D:10     | Noticed a two-headed ogre
 14417 | D:10     | Killed a two-headed ogre
 14423 | D:10     | Received a gift from Nemelex Xobeh
 14435 | D:10     | Noticed a cyclops
 14469 | D:10     | Killed a cyclops
 14597 | D:10     | Noticed a two-headed ogre
 14608 | D:10     | Killed a two-headed ogre
 14637 | D:10     | Identified the cursed +0 flail "Killer Bee's Foe" {crush,
                  | *Drain *Slow rElec Dex+8}
 14755 | D:10     | Noticed a cyclops
 14770 | D:10     | Killed a cyclops
 14955 | Lair:1   | Entered Level 1 of the Lair of Beasts
 15440 | Lair:1   | Reached skill level 14 in Polearms
 15448 | Lair:1   | Reached *** piety under Nemelex Xobeh
 15512 | Lair:1   | Found a runed translucent door.
 15512 | Lair:1   | Noticed drclinical's ghost (journeyman DsGl)
 16193 | Lair:1   | Noticed a fire dragon
 16202 | Lair:1   | Killed a fire dragon
 16202 | Lair:1   | Reached XP level 12. HP: 87/87 MP: 19/19
 16323 | Lair:1   | Received a gift from Nemelex Xobeh
 16415 | Lair:2   | Noticed Prince Ribbit
 16520 | Lair:1   | Killed Prince Ribbit
 16821 | Lair:1   | Learned a level 3 spell: Ozocubu's Armour
 16825 | Lair:1   | Learned a level 3 spell: Spectral Weapon
 16949 | Lair:2   | Reached skill level 1 in Ice Magic
 17483 | Lair:1   | Found a runed translucent door.
 17773 | Lair:2   | Received a gift from Nemelex Xobeh
 17927 | Lair:2   | HP: 4/89 [poisoned by a black mamba]
 17932 | Lair:2   | HP: 4/89 [poisoned by a black mamba]
 17934 | Lair:2   | Mangled by a black mamba

Levels and vault maps discovered:
D:1:      lightli_arrival_statue_moat, layout_basic, hex_large
D:2:      layout_rooms, chequers_ecumenical_altar_grove, uniq_natasha,
          uniq_robin, uniq_jessica
D:3:      layout_basic, lemuel_crystal_altar, nicolae_overflow_crystal_walls
D:4:      layout_rooms, uniq_crazy_yiuf_cottage
D:5:      layout_loops_ring, cheibriados_altar_1, fiery_altar_vehumet,
          serial_shops, nicolae_shop_statue_plus, first_ration
D:6:      layout_layer_cave, minmay_temple_entry_antechambers, serial_shops,
          shop_fountains, serial_glass, glass_columns_a, glass_columns_b,
          feat_on_display, minmay_strange_pillars, due_unseen_surprise,
          minmay_strange_pillars, uniq_duvessa
D:7:      minmay_slanted_spiral_squares, layout_basic,
          yredelemnul_forgotten_temple_becter, serial_shops, nicolae_shop_trees
D:8:      layout_loops_ring
D:9:      layout_basic, marbit_many_paths, old_standard_altar, lair_entry_dummy,
          uniq_erica
D:10:     layout_loops_cross
Temple:   regret_index_temple_waves
Lair:1:   dragon1_lemuel, layout_loops_ring, hellmonk_ghost_happy_afterlife,
          chequers_serial_rivers_small_b, lemuel_fruit_fields
Lair:2:   layout_loops_ring, swamp_mist, spider_nest_entry_funnel_web,
          grunt_megastairs_4, uniq_prince_ribbit2, uniq_sonja

Skill      XL: |  1  2  3  4  5  6  7  8  9 10 11 12 |
---------------+-------------------------------------+-----
Polearms       | 3 4 5 6 8 10 12 14 | 14.0
Fighting       | 3 4 5 6 |  6.4
Evocations     | 3 |  3.0
Invocations    | 4 7 9 |  9.6
Dodging        | 3 4 |  4.3
Ice Magic      | 2 |  2.2
Armour         | |  1.0
Spellcasting   | |  2.0
Charms         | |  3.9

Action                   |  1- 3 |  4- 6 |  7- 9 | 10-12 || total
-------------------------+-------+-------+-------+-------++-------
Melee: Spear             |    58 |   239 |       |       ||   297
       Trident           |       |     7 |   445 |   666 ||  1118
Throw: Dart              |       |       |     7 |       ||     7
 Cast: Infusion          |     9 |    14 |    37 |    40 ||   100
       Song of Slaying   |       |     7 |    10 |    25 ||    42
       Ozocubu's Armour  |       |       |       |     1 ||     1
 Abil: Draw Destruction  |       |       |     5 |    20 ||    25
       Draw Summoning    |       |       |       |    10 ||    10
       Draw Escape       |       |       |       |     9 ||     9
Evoke: Wand              |       |       |     1 |       ||     1
  Use: Scroll            |       |       |    11 |     5 ||    16
 Stab: Sleeping          |     1 |       |       |       ||     1
       Distracted        |       |       |       |     2 ||     2
  Eat: Chunk             |     1 |    12 |    16 |    18 ||    47
       Ration            |       |       |     2 |     3 ||     5
Armor: Leather armour    |    13 |    71 |   147 |   205 ||   436
Dodge: Dodged            |    24 |   107 |   226 |   223 ||   580

Table legend:
 A = Non-vault XP
 B = Vault XP
 C = Vault XP percentage of total XP
 D = Non-vault monster count
 E = Vault monster count
 F = Vault count percentage of total count
                 A         B        C        D         E       F
            +---------+---------+-------+---------+---------+-------
      Total |   15863 |    3064 |  16.2 |     234 |      28 |  10.7
            +---------+---------+-------+---------+---------+-------
        D:1 |      21 |       0 |   0.0 |      12 |       0 |   0.0
        D:2 |     111 |     104 |  48.4 |      17 |      13 |  43.3
        D:3 |     114 |       0 |   0.0 |      23 |       0 |   0.0
        D:4 |     475 |       0 |   0.0 |      21 |       0 |   0.0
        D:5 |     787 |       0 |   0.0 |      19 |       0 |   0.0
        D:6 |     885 |      67 |   7.0 |      17 |       2 |  10.5
        D:7 |    1562 |     438 |  21.9 |      28 |       7 |  20.0
        D:8 |    1360 |       0 |   0.0 |      24 |       0 |   0.0
        D:9 |    1455 |     668 |  31.5 |      18 |       1 |   5.3
       D:10 |    4195 |       0 |   0.0 |      32 |       0 |   0.0
     Lair:1 |    3146 |    1099 |  25.9 |      16 |       3 |  15.8
     Lair:2 |    1752 |     688 |  28.2 |       7 |       2 |  22.2
            +---------+---------+-------+---------+---------+-------
